 Dungeon Crawl Stone Soup version 0.32-a0-17-gb74e046682 (webtiles) character file.

Game seed: 4524112498094395725

920 Xavori the Trooper (level 8, 0/58 HPs)
             Began as a Djinni Chaos Knight on Jan 16, 2024.
             Was a Plaything of Xom.
             Slain by an orc
             ... wielding a +0 club
              (2 damage)
             ... on level 5 of the Dungeon.
             The game lasted 00:07:22 (9333 turns).

Xavori the Trooper (Djinni Chaos Knight)            Turns: 9333, Time: 00:07:23

Health: 0/58       AC:  4    Str: 20    XL:     8   Next: 31%
Gold:   258        EV: 14    Int: 13    God:    Xom [..*...] SH:  0 Dex: 18

rFire   + + .        a - +0 falchion (chaos)
rCold   x . .        (no shield)
rNeg    . . .        u - +1 toga "Victory" {*Victory Int+1 Slay+1 Clar}
rPois   ∞            (helmet restricted)
rElec   .            t - +0 cloak
rCorr   .            (no gloves)
SInv    .            (boots unavailable)
Will    +....        (no amulet)
Stlth   ++           i - ring of willpower
HPRegen 0.29/turn    v - +6 ring of strength
MPRegen 0.00/turn

%: clarity, infuse magic (-1 HP)
@: flying
A: sickness immunity, fire resistance 2, cold vulnerability 1, float, innate
caster, HP casting, extra vitality 1, antennae 2, agile 1, strong 1, wild magic
1
a: Renounce Religion


You were on level 5 of the Dungeon.
You worshipped Xom.
You were a toy of Xom.
You visited 1 branch of the dungeon, and saw 5 of its levels.
You also visited: Sewer.

You collected 258 gold pieces.

Inventory:

Hand Weapons
 a - a +0 falchion of chaos (weapon)
Armour
 b - a +2 leather armour
 t - a +0 cloak (worn)
 u - the +1 toga "Victory" (worn) {*Victory Int+1 Slay+1 Clar}
   (You found it on level 4 of the Dungeon)

   *Victory:  When the wearer kills a threatening monster, it has a chance to
   gain +1 AC, +1 Slay, and +1 Int, capping at +7.
   When the wearer uses a scroll or a potion with a hostile monster in sight,
   its bonuses reset to +0.
   Unequipping it also resets its bonuses to +0.
   Int+1:     It affects your intelligence (+1).
   Slay+1:    It affects your accuracy & damage with ranged weapons and melee
   (+1).
   Clar:      It protects you from confusion, rage, mesmerisation and fear.
Jewellery
 i - a ring of willpower (left hand)
 v - a +6 ring of strength (right hand)
Wands
 h - a wand of mindburst (8)
 n - a wand of charming (3)
Scrolls
 c - 2 scrolls of butterflies
 f - 5 scrolls of identify {unknown}
 l - 2 scrolls of teleportation {unknown}
 m - 3 scrolls of fog
 p - a scroll of vulnerability {unknown}
 q - a scroll of fear {unknown}
 s - a scroll of amnesia {unknown}
Potions
 d - 3 potions of heal wounds
 e - a potion of haste
 g - 2 potions of curing {unknown}
 j - 2 potions of brilliance {unknown}
 k - a potion of mutation {unknown}
 o - a potion of enlightenment {unknown}
 r - 2 potions of degeneration {unknown}


   Skills:
 + Level 4.6 Fighting
 + Level 4.1 Long Blades
 + Level 3.5 Armour
 + Level 4.3 Dodging
 * Level 3.6 Spellcasting
 * Level 3.6 Conjurations
 * Level 3.6 Hexes
   Level 0.0 Charms
 * Level 3.6 Summonings
 * Level 3.6 Necromancy
 * Level 3.6 Translocations
   Level 0.0 Transmutations
 * Level 3.6 Fire Magic
 * Level 3.6 Ice Magic
 * Level 3.6 Air Magic
 * Level 3.6 Earth Magic
 * Level 3.6 Alchemy
 + Level 1.5 Evocations


You knew the following spells:

 Your Spells              Type           Power      Damage    Failure   Level
a - Freeze                Ice            60%        1d7       8%          1
b - Jinxbite              Hex            30%        N/A       12%         2
c - Dazzling Flash        Conj/Hex       30%        N/A       21%         3
Your spell library was empty.

Dungeon Overview and Level Annotations

Branches:
Dungeon (5/15)              Sewer (visited)
 Temple: D:4-7

Altars:
Elyvilon
Gozag
Hepliaklqana
Okawaru
Yredelemnul
Zin


Innate Abilities, Weirdness & Mutations

You are immune to sickness and miasma.
You are immune to poison.
Your flesh is very heat resistant. (rF++)
You are vulnerable to cold. (rC-)
You float through the air rather than walking.
You learn spells naturally, not from books.
Your magical power is your life essence.
You have superior vitality. (+4 MHP)
You have a pair of antennae on your head.
You are agile. (Dex +4, Str/Int -1)
Your muscles are strong. (Str +4, Int/Dex -1)
Your spells are a little harder to cast, but a little more powerful.


Message History

The orc closely misses you.
The orc throws a boomerang.
The boomerang hits you.
Unknown command.
You are too injured to fight recklessly!
Unknown command.
You are too injured to fight recklessly!
Unknown command.
You are too injured to fight recklessly!
Unknown command.
You are too injured to fight recklessly!
Unknown command.
You are too injured to fight recklessly!
You completely miss the kobold brigand.
The kobold brigand is severely wounded.
The orc completely misses you. The kobold brigand closely misses you.
The orc hits you with a +0 club.
You closely miss the kobold brigand.
The kobold brigand is severely wounded.
The orc misses you.
The kobold brigand completely misses you.
The orc hits you with a +0 club. The orc barely misses you.
You hit the kobold brigand. You burn the kobold brigand.
The kobold brigand is almost dead.
The orc closely misses you.
The kobold brigand hits you with a +0 dagger.
The orc misses you. The orc hits you with a +0 club.
* * * LOW HITPOINT WARNING * * *
The orc closely misses you.
The kobold brigand hits you with a +0 dagger.
* * * LOW HITPOINT WARNING * * *
You closely miss the kobold brigand.
The kobold brigand is almost dead.
The orc hits you with a +0 club.
* * * LOW HITPOINT WARNING * * *
The orc barely misses you. The orc hits you with a +0 flail!
* * * LOW HITPOINT WARNING * * *
The kobold brigand hits you with a +0 dagger.
* * * LOW HITPOINT WARNING * * *
The orc hits you with a +0 club.
You die... "I guess I need a new plaything now."

#############
{#$#.........#
#$#.........+
#.ooK.).....+
#.#@o.......#
####++#######
{{


You could see a kobold brigand (drained) and 3 orcs.

Vanquished Creatures
  Pargi (Sewer)
  An ogre (D:2)
  A brain worm (Sewer)
  2 scorpions (D:5)
  Crazy Yiuf (D:3)
  A gnoll bouda (D:4)
  A jelly (D:4)
  Terence (D:2)
  A sleepcap (D:5)
  An orc wizard (D:5)
  7 adders
  5 gnolls
  2 dart slugs
  3 ribbon worms
  13 orcs
  9 bats
  10 endoplasms
  7 goblins
  9 hobgoblins
  2 jackals (D:3)
  5 quokkas
  12 ball pythons
  7 frilled lizards
  11 kobolds
  6 rats
119 creatures vanquished.

Vanquished Creatures (collateral kills)
  Sigmund (D:2)
1 creature vanquished.

Grand Total: 120 creatures vanquished

Notes
Turn   | Place    | Note
-------+----------+-------------------------------------------
     0 | D:1      | Xavori the Djinni Chaos Knight began the quest for the Orb.
     0 | D:1      | Reached XP level 1. HP: 20/20 MP: 0/0
   113 | D:1      | XOM: silly message
   117 | D:1      | XOM: fog
   153 | D:1      | XOM: 1-stop teleportation journey
   158 | D:1      | Reached XP level 2. HP: 25/25 MP: 0/0
   372 | D:1      | XOM: smoke on damage
   438 | D:1      | XOM: give mutation
   438 | D:1      | Gained mutation: You have a pair of small antennae on your
                  | head. [Xom's mischief]
   448 | D:1      | Reached XP level 3. HP: 30/30 MP: 0/0
   448 | D:1      | Learned a level 1 spell: Freeze
   521 | D:1      | XOM: potion effect (brilliance)
   526 | D:1      | Reached skill level 1 in Spellcasting
   526 | D:1      | Reached skill level 1 in Conjurations
   526 | D:1      | Reached skill level 1 in Hexes
   526 | D:1      | Reached skill level 1 in Summonings
   526 | D:1      | Reached skill level 1 in Necromancy
   526 | D:1      | Reached skill level 1 in Translocations
   526 | D:1      | Reached skill level 1 in Fire Magic
   526 | D:1      | Reached skill level 1 in Ice Magic
   526 | D:1      | Reached skill level 1 in Air Magic
   526 | D:1      | Reached skill level 1 in Earth Magic
   526 | D:1      | Reached skill level 1 in Alchemy
   547 | D:1      | XOM: divination: detect creatures
   776 | D:2      | Noticed Sigmund
   776 | D:2      | Found a faded altar of an unknown god.
   821 | D:2      | XOM: summons 3 friendly demons
   826 | D:2      | Killed Sigmund
   827 | D:2      | Reached XP level 4. HP: 29/37 MP: 0/0
   827 | D:2      | Reached XP level 5. HP: 32/41 MP: 0/0
   827 | D:2      | Learned a level 2 spell: Jinxbite
   827 | D:2      | Reached XP level 6. HP: 37/47 MP: 0/0
  1179 | D:1      | XOM: god gift: 2 javelins
  2878 | D:1      | XOM: give mutations
  2878 | D:1      | Gained mutation: You possess an exceptional clarity of
                  | mind. [Xom's grace]
  2878 | D:1      | Gained mutation: You are agile. (Dex +4, Str/Int -1) [Xom's
                  | grace]
  2878 | D:1      | Gained mutation: You are somewhat resistant to further
                  | mutation. [Xom's grace]
  3086 | D:1      | XOM is BORED!
  3440 | D:1      | XOM: noise
  4589 | D:1      | XOM: give mutations
  4589 | D:1      | Gained mutation: Your mind is acute. (Int +4, Str/Dex -1)
                  | [Xom's grace]
  4589 | D:1      | Gained mutation: Your spells are a little harder to cast,
                  | but a little more powerful. [Xom's grace]
  4614 | D:1      | XOM is BORED!
  4971 | D:2      | XOM: give mutations
  4971 | D:2      | Gained mutation: You have a pair of antennae on your head.
                  | [Xom's mischief]
  4971 | D:2      | Lost mutation: Your mind is acute. (Int +4, Str/Dex -1)
                  | [Xom's mischief]
  4971 | D:2      | Lost mutation: You possess an exceptional clarity of mind.
                  | [Xom's mischief]
  4971 | D:2      | Lost mutation: You are somewhat resistant to further
                  | mutation. [Xom's mischief]
  5072 | D:2      | Noticed an ogre
  5102 | D:2      | Killed an ogre
  5249 | D:2      | You are sucked into a shaft and drop 2 floors!
  5361 | D:4      | XOM: god gift: 49 gold pieces
  5531 | D:4      | Found a glowing drain.
  5535 | Sewer    | Entered a sewer
  5626 | Sewer    | Noticed Pargi
  5759 | Sewer    | XOM: blink monster(s)
  5888 | Sewer    | XOM: cleaving
  5889 | Sewer    | Killed Pargi
  5890 | Sewer    | Reached XP level 7. HP: 37/52 MP: 0/0
  5890 | Sewer    | Learned a level 3 spell: Dazzling Flash
  5896 | Sewer    | XOM: 7-stop teleportation journey
  6166 | D:4      | XOM: scenery: 3 doors open
  6213 | D:2      | XOM: god gift: wand of charming (3)
  6271 | D:2      | XOM: 1-stop teleportation journey
  6275 | D:2      | XOM: fog
  6460 | D:2      | XOM: 2-stop teleportation journey
  6601 | D:2      | Noticed Terence
  6619 | D:2      | Killed Terence
  6627 | D:2      | XOM: give mutation
  6627 | D:2      | Gained mutation: Your muscles are strong. (Str +4, Int/Dex
                  | -1) [Xom's grace]
  6786 | D:2      | XOM: 3-stop teleportation journey
  6869 | D:2      | XOM: divination: detect items
  6878 | D:2      | XOM: summons 4 hostile demons
  7007 | D:2      | XOM: summons 4 hostile shadow creatures
  7606 | D:3      | Found a hazy altar of Hepliaklqana.
  7669 | D:3      | Found a runed translucent door.
  7670 | D:3      | Noticed Crazy Yiuf
  7882 | D:3      | XOM: 1-stop teleportation journey
  8349 | D:3      | XOM: divination: detect creatures
  8377 | D:3      | XOM: smoke on damage
  8378 | D:3      | Killed Crazy Yiuf
  8625 | D:4      | XOM: noise
  8646 | D:4      | Found the +0 toga "Victory" {*Victory Clar}
  8917 | D:4      | Found a glowing silver altar of Zin.
  8921 | D:4      | Found an opulent altar of Gozag.
  8921 | D:4      | Found a white marble altar of Elyvilon.
  8932 | D:4      | Found an iron altar of Okawaru.
  8935 | D:4      | Found a basalt altar of Yredelemnul.
  9100 | D:5      | Entered Level 5 of the Dungeon
  9143 | D:5      | Reached XP level 8. HP: 56/58 MP: 0/0
  9164 | D:5      | Reached skill level 1 in Evocations
  9203 | D:5      | XOM: divination: magic mapping
  9313 | D:5      | XOM: 1-stop teleportation journey
  9316 | D:5      | XOM: confuse monster(s)
  9333 | D:5      | HP: 2/58 [kobold brigand/+0 dagger (5)]
  9333 | D:5      | Slain by an orc

Illustrated notes

Levels and vault maps discovered:
D:1:      lemuel_arrival_rhombus, layout_loops_ring
D:2:      layout_basic, dreamdust_ecumenical_altar_statues,
          chequers_serial_rivers_large_b, uniq_sigmund, uniq_terence
D:3:      kennysheep_big_flooded_room, layout_loops_ring,
          mainiacjoe_overflow_tiny_flanked, bh_walls_and_bars,
          uniq_crazy_yiuf_cottage
D:4:      layout_basic, minmay_overflow_temple_star_hex, gup_sewer_entry_bowl
D:5:      lemuel_castle_with_subvaults [lemuel_castle_interior_carwin_2],
          layout_basic, nicolae_ru_path_of_blood, mainiacjoe_overflow_brackets,
          serial_corexii_hall, corexii_hall_statues_l,
          chequers_hall_statues_wall_a, corexii_hall_statues_l,
          amcnicky_mini_pool_medium

Skill      XL: |  1  2  3  4  5  6  7  8 |
---------------+-------------------------+-----
Spellcasting   | 2 3 |  3.6
Conjurations   | 2 3 |  3.6
Hexes          | 2 3 |  3.6
Summonings     | 2 3 |  3.6
Necromancy     | 2 3 |  3.6
Translocations | 2 3 |  3.6
Fire Magic     | 2 3 |  3.6
Ice Magic      | 2 3 |  3.6
Air Magic      | 2 3 |  3.6
Earth Magic    | 2 3 |  3.6
Alchemy        | 2 3 |  3.6
Long Blades    | 3 4 |  4.1
Armour         | 2 3 |  3.5
Dodging        | 3 4 |  4.3
Fighting       | 4 |  4.6
Evocations     | 1 |  1.5

Action                     |  1- 3 |  4- 6 |  7- 9 || total
---------------------------+-------+-------+-------++-------
  Melee: Falchion          |    99 |   102 |   223 ||   424
         Punch             |     1 |       |     4 ||     5
    Use: Potion            |       |     2 |       ||     2
         Scroll            |       |       |     1 ||     1
   Stab: Petrified         |       |     6 |       ||     6
         Sleeping          |       |     2 |     1 ||     3
         Confused          |       |     1 |     2 ||     3
         Paralysed         |       |       |     1 ||     1
 Armour: Leather armour    |    68 |   102 |    91 ||   261
         Robe              |       |       |    43 ||    43
  Dodge: Dodged            |    79 |   116 |   185 ||   380

Table legend: (Time is in decaauts)
 A = Elapsed time spent in this place.
 B = Non-inter-level travel time spent in this place.
 C = Inter-level travel time spent in this place.
 D = Time resting spent in this place.
 E = Time spent auto-exploring this place.
 F = Levels seen in this place.
 G = Mean time per level.
                   A        B        C        D        E       F      G
               +--------+--------+--------+--------+--------+-----+--------+
         Total |   9377 |   9167 |    210 |   4518 |   3424 |   6 | 1562.8 |
       Dungeon |   8776 |   8566 |    210 |   4230 |   3252 |   5 | 1755.2 |
         Sewer |    600 |    600 |      0 |    288 |    172 |   1 |  600.0 |
               +--------+--------+--------+--------+--------+-----+--------+

Top non-repeatable levels by time:
     D:1: 4878 daAuts
     D:2: 1532 daAuts
     D:3: 1203 daAuts
     D:4: 1003 daAuts
   Sewer: 600 daAuts
     D:5: 158 daAuts
